 Dungeon Crawl Stone Soup version 0.31-a0-640-g39d97e502b (webtiles) character file.

Game seed: 4611198319392327336

9100 Sanktem7 the Cleaver (level 11, -3/95 HPs)
             Began as a Minotaur Fighter on Aug 22, 2023.
             Was an Elder of Okawaru.
             Slain by a two-headed ogre
             ... wielding a +0 giant spiked club
              (21 damage)
             ... on level 10 of the Dungeon on Aug 28, 2023.
             The game lasted 00:21:05 (9882 turns).

Sanktem7 the Cleaver (Minotaur Fighter)             Turns: 9882, Time: 00:21:06

Health: -3/95      AC: 18    Str: 26    XL:     11   Next: 18%
Magic:  10/10      EV:  8    Int:  5    God:    Okawaru [****..]
Gold:   775        SH: 10    Dex:  9    Spells: 10/10 levels left

rFire   . . .        a - +0 war axe {axe}
rCold   + . .        E - +0 kite shield
rNeg    . . .        o - +3 chain mail {rPois}
rPois   +            x - +1 hat
rElec   .            u - +1 cloak
rCorr   .            (no gloves)
SInv    +            (no boots)
Will    .....        (no amulet) Stlth
                     e - ring of see invisible
HPRegen 0.35/turn    s - ring of protection from cold
MPRegen 0.12/turn

%: no passive effects
@: no status effects
A: horns 2, retaliatory headbutt
a: Renounce Religion, Heroism, Finesse


You were on level 10 of the Dungeon.
You worshipped Okawaru.
Okawaru was greatly pleased with you.
You visited 2 branches of the dungeon, and saw 11 of its levels.

You collected 775 gold pieces.


Innate Abilities, Weirdness & Mutations

You have a pair of horns on your head.
You reflexively headbutt those who attack you in melee.


   Skills:
 + Level 8.9 Fighting
 * Level 11.4 Axes
 + Level 5.8 Throwing
 + Level 11.0 Armour
 - Level 4.0 Stealth
 + Level 8.6 Shields


You had 10 spell levels left.
You didn't know any spells.
Your spell library contained the following spells:

 Spells                   Type           Power      Damage    Failure   Level
 Poisonous Vapours        Pois/Air       0%         N/A       99%         2
 Mephitic Cloud           Conj/Pois/Air  0%         N/A       100%        3
 Freezing Cloud           Conj/Ice/Air   0%         6-21      100%        5

Inventory:

Hand Weapons
 a - a +0 war axe (weapon) {axe}
 c - a +2 sling of draining
   (You took it off Joseph on level 8 of the Dungeon)
 A - a -2 spear of venom {polearm}
   (You took it off Grum on level 9 of the Dungeon)
Missiles
 f - 4 throwing nets {=f!fthrowing}
 q - 2 javelins {throwing}
 C - 27 stones {throwing}
 D - 12 poisoned darts {throwing}
 F - 14 boomerangs {throwing}
 H - a curare-tipped dart {=fthrowing}
Armour
 o - a +3 chain mail of poison resistance (worn)
   (You took it off Terence on level 3 of the Dungeon)
 u - a +1 cloak (worn)
   (You took it off Crazy Yiuf on level 3 of the Dungeon)
 x - a +1 hat (worn)
   (You found it on level 5 of the Dungeon)
 E - a +0 kite shield (worn)
   (You took it off a gnoll sergeant on level 9 of the Dungeon)
Magical Staves
 h - a staff of poison {!astaff}
   (You found it on level 9 of the Dungeon)
Jewellery
 e - a ring of see invisible (left hand)
   (You found it on level 1 of the Dungeon)
 s - a ring of protection from cold (right hand)
   (You found it on level 3 of the Dungeon)
Wands
 i - a wand of polymorph (3)
   (You found it on level 9 of the Dungeon)
 y - a wand of charming (11)
   (You found it on level 7 of the Dungeon)
Scrolls
 b - a scroll of torment {!r}
 g - 3 scrolls of teleportation {@r4}
 m - a scroll of silence {!r}
 n - 2 scrolls of identify {@r1}
 w - a scroll of butterflies {unknown}
 z - a scroll of noise {unknown}
Potions
 d - 2 potions of might
 j - 2 potions of brilliance
 k - a potion of magic {unknown}
 l - a potion of resistance
 p - a potion of degeneration {unknown}
 r - 2 potions of haste {@q3}
 t - a potion of cancellation {unknown}
 v - 4 potions of curing {@q1}
 B - a potion of attraction {!q}
 G - 2 potions of mutation {unknown}

Dungeon Overview and Level Annotations

Branches:
Dungeon (10/15) Zot: 26504  Temple (1/1) D:4 Zot: 5928
   Lair: D:8-11         Orc: D:9-12

Altars:
Ashenzari
Cheibriados
Dithmenos
Elyvilon
Fedhas
Gozag
Hepliaklqana
Kikubaaqudgha
Makhleb
Nemelex Xobeh
Okawaru
Qazlal
Ru
Sif Muna
Trog
Uskayaw
Vehumet
Wu Jian
Xom
Yredelemnul
Zin
The Shining One

Shops:
D:2 :

Annotations:
D:3 2 transporters, DocEon's ghost, amateur DsGl

#... #$.......
#...#######.(....#
#................#
#.........)......#
#..................
#........#########.
#........#
#.....)..#
#...O@...#
#........#
#........#
#........#
#........########
#................
#................
####................
#.............).....


You could see a two-headed ogre.


Message History

You closely miss the yak. You barely miss the kobold. The yak gores you.
The yak gores you but does no damage. You block the kobold's attack. 😮 HP[-4]
You take 4 damage, and now have 54/95 hp.
You hit the yak but do no damage. x2; You hit the kobold.
You block the yak's attack. The yak closely misses you.
The kobold hits you but does no damage. 😮 HP[+1]
You closely miss the yak. You headbutt the yak! You completely miss the yak.
You completely miss the kobold. The yak gores you but does no damage.
The yak gores you!
The kobold hits you but does no damage. 😮 HP[-7]
You take 7 damage, and now have 48/95 hp.
You slash the yak! x2; You slash the kobold!
You kill the kobold!
Okawaru accepts your kill. You block the yak's attack. x2
You hit the yak but do no damage. You hit the yak. You closely miss the kobold.
You block the yak's attack. The kobold closely misses you.
You furiously retaliate!
You headbutt the kobold.
You kill the kobold!
Okawaru accepts your kill.
A two-headed ogre comes into view.
It is wielding a +0 giant spiked club and a +0 giant club.
The yak gores you but does no damage. 😮 HP[+1]
You barely miss the yak.
The two-headed ogre shouts in stereo!
You slash the yak!
The yak gores you but does no damage. x2
You hit the yak. You barely miss the yak. The yak closely misses you.
The yak gores you!
* * * LOW HITPOINT WARNING * * *
😨 HP[-11]
You take 11 damage, and now have 38/95 hp.
The yak closely misses you. The yak gores you!
* * * LOW HITPOINT WARNING * * *
You climb upwards.
There is a stone staircase leading down, spattered with blood here.
You see here a yak skeleton. 😨 HP[-8]
You take 8 damage, and now have 30/95 hp.
You slash the yak! You headbutt the yak, but do no damage.
You closely miss the yak. You block the yak's attack.
The yak gores you but does no damage. 😨 HP[+1]
You slash the yak!
You kill the yak!
Okawaru accepts your kill.
You slash the yak! You block the yak's attack.
You slash the yak!
You kill the yak!
Okawaru accepts your kill.
You see here a yak corpse. 😨 HP[+1]
You start resting. 😎 HP[+63]
Your hp is fully restored (95).
There is a stone staircase leading down, spattered with blood here.
You see here a yak skeleton.
You climb downwards.
The two-headed ogre hits you but does no damage.
You block the two-headed ogre's attack.
There is a stone staircase leading up, spattered with blood here.
You hit the two-headed ogre. You block the two-headed ogre's attack.
The two-headed ogre hits you with a +0 giant club!! 😕 HP[-19]
You take 19 damage, and now have 76/95 hp.
You slash the two-headed ogre! You headbutt the two-headed ogre.
The two-headed ogre hits you with a +0 giant spiked club!!
The two-headed ogre hits you but does no damage. 😮 HP[-26]
You take 26 damage, and now have 50/95 hp.
MASSIVE DAMAGE!! (PAUSE)
You hit the two-headed ogre but do no damage.
You headbutt the two-headed ogre. You hit the two-headed ogre.
You headbutt the two-headed ogre.
The two-headed ogre hits you with a +0 giant spiked club.
The two-headed ogre hits you with a +0 giant club!
* * * LOW HITPOINT WARNING * * *
😨 HP[-11]
You take 11 damage, and now have 39/95 hp.
You barely miss the two-headed ogre.
The two-headed ogre hits you with a +0 giant spiked club!
* * * LOW HITPOINT WARNING * * *
The two-headed ogre hits you with a +0 giant club!
* * * LOW HITPOINT WARNING * * *
😱 HP[-22]
You take 22 damage, and now have 17/95 hp.
MASSIVE DAMAGE!! (PAUSE)
You hit the two-headed ogre.
Your headbutt misses the two-headed ogre.
You hit the two-headed ogre. The two-headed ogre barely misses you.
The two-headed ogre hits you but does no damage.
You hit the two-headed ogre but do no damage.
You block the two-headed ogre's attack.
The two-headed ogre hits you but does no damage. 😱 HP[+1]
You hit the two-headed ogre. You hit the two-headed ogre.
You headbutt the two-headed ogre!
The two-headed ogre hits you with a +0 giant spiked club!!
You die...

Skill      XL: |  1  2  3  4  5  6  7  8  9 10 11 |
---------------+----------------------------------+-----
Axes           | 3 4 5 6 8 9 11 | 11.4
Fighting       | 4 5 6 7 8 |  8.9
Armour         | 4 5 6 8 9 10 11 | 11.0
Shields        | 4 5 6 7 8 |  8.6
Throwing       | 1 2 3 4 5 |  5.8
Stealth        | 1 3 4 |  4.0

Action                     |  1- 3 |  4- 6 |  7- 9 | 10-12 || total
---------------------------+-------+-------+-------+-------++-------
  Melee: War axe           |    59 |   148 |   297 |   186 ||   690
         Headbutt          |     7 |    26 |    49 |    50 ||   132
    Use: Scroll            |       |       |    15 |       ||    15
         Potion            |       |       |     1 |       ||     1
 Armour: Scale mail        |     7 |       |       |       ||     7
         Chain mail        |    19 |    83 |   201 |   172 ||   475
  Dodge: Dodged            |    25 |    65 |   128 |   110 ||   328
  Block: Buckler           |    13 |    35 |    81 |    88 ||   217
         Kite shield       |       |       |       |    40 ||    40

Levels and vault maps discovered:
D:1:      amcnicky_arrival_abandoned_market, layout_rooms,
          chequers_serial_rivers_micro_c
D:2:      layout_rooms, serial_shops, shop, uniq_natasha
D:3:      layout_basic, gammafunk_ghost_gnarly_gnolls, uniq_robin, uniq_jessica,
          uniq_terence, uniq_crazy_yiuf_cottage
D:4:      minmay_polygon_palace, layout_basic, kennysheep_vampire_church,
          nicolae_temple_entry_ecumenical, uniq_menkaure, uniq_duvessa,
          uniq_eustachio
D:5:      layout_layer_cave, mainiacjoe_overflow_large_starburst
D:6:      layout_basic, makhleb_heckhound_becter, kennysheep_little_box,
          grunt_tough_drop, uniq_prince_ribbit1
D:7:      cheibrodos_iron_armory, layout_basic, kennysheep_mini
D:8:      layout_gridville, uniq_maggie, uniq_joseph
D:9:      layout_gridville, nicolae_yredelemnul_corpse_copse,
          roderic_st_hans_cross, uniq_grum
D:10:     layout_irregular_city, due_lair_maze_entry_diamond, uniq_nergalle
Temple:   regret_index_temple_generic_petals

Notes
Turn   | Place    | Note
-------+----------+-------------------------------------------
     0 | D:1      | Sanktem7 the Minotaur Fighter began the quest for the Orb.
     0 | D:1      | Reached XP level 1. HP: 19/19 MP: 0/0
     0 | D:1      | magus.rc [v1.9.6]
   170 | D:1      | HP: 2/20 [goblin/+4 dagger of speed (5)]
   172 | D:1      | Reached XP level 2. HP: 3/27 MP: 1/1
   402 | D:1      | Reached skill level 3 in Axes
   602 | D:2      | Noticed Natasha
   609 | D:2      | Killed Natasha
   610 | D:2      | Reached skill level 4 in Fighting
   610 | D:2      | Reached skill level 4 in Armour
   610 | D:2      | Reached skill level 4 in Shields
   610 | D:2      | Reached XP level 3. HP: 19/33 MP: 2/2
   808 | D:2      | Reached XP level 4. HP: 30/40 MP: 3/3
   853 | D:2      | HP: 8/40 [gnoll/+0 spear (3)]
   858 | D:2      | Reached skill level 4 in Axes
  1189 | D:2      | Found Cuimuruv's Book Shoppe.
  1277 | D:2      | Noticed Natasha
  1300 | D:2      | Killed Natasha
  1301 | D:2      | Reached XP level 5. HP: 31/47 MP: 4/4
  1369 | D:2      | Noticed Natasha
  1377 | D:2      | Killed Natasha
  1784 | D:3      | Noticed Terence
  1791 | D:3      | Killed Terence
  1792 | D:3      | Reached skill level 5 in Axes
  1825 | D:3      | Found a transporter.
  1845 | D:3      | Noticed DocEon's ghost (amateur DsGl)
  2093 | D:3      | Found a runed translucent door.
  2094 | D:3      | Noticed Crazy Yiuf
  2269 | D:3      | Reached XP level 6. HP: 55/55 MP: 5/5
  2271 | D:3      | Noticed Jessica
  2274 | D:3      | Killed Jessica
  2275 | D:3      | Reached skill level 5 in Fighting
  2275 | D:3      | Reached skill level 5 in Armour
  2281 | D:3      | Noticed Robin
  2296 | D:3      | Killed Robin
  2371 | D:3      | Reached skill level 5 in Shields
  2491 | D:3      | Found a transporter.
  2546 | D:3      | Killed Crazy Yiuf
  2853 | D:4      | Noticed a wyvern
  2862 | D:4      | Killed a wyvern
  2863 | D:4      | Reached skill level 6 in Axes
  2863 | D:4      | Reached skill level 1 in Throwing
  2863 | D:4      | Reached XP level 7. HP: 57/61 MP: 6/6
  2990 | D:4      | Noticed Menkaure
  2990 | D:4      | Noticed Dowan
  2991 | D:4      | Noticed Duvessa
  3002 | D:4      | Killed Menkaure
  3003 | D:4      | Reached skill level 6 in Armour
  3010 | D:4      | Killed Duvessa
  3016 | D:4      | HP: 15/62 [Dowan/stone arrow (3)]
  3018 | D:4      | Killed Dowan
  3280 | D:4      | Reached skill level 2 in Throwing
  3280 | D:4      | Reached XP level 8. HP: 70/70 MP: 7/7
  3357 | D:4      | Found an ancient bone altar of Kikubaaqudgha.
  3361 | D:4      | Reached skill level 7 in Axes
  3371 | D:4      | Reached skill level 6 in Fighting
  3572 | D:4      | Noticed Eustachio
  3597 | D:4      | Killed Eustachio
  3598 | D:4      | Reached skill level 7 in Armour
  3598 | D:4      | Reached skill level 6 in Shields
  3824 | D:4      | Found a faded altar of an unknown god.
  3826 | D:4      | Found a staircase to the Ecumenical Temple.
  3833 | Temple   | Entered the Ecumenical Temple
  4036 | D:5      | Entered Level 5 of the Dungeon
  4299 | D:5      | Found a hazy altar of Hepliaklqana.
  4312 | D:5      | Found a glowing golden altar of the Shining One.
  4377 | D:5      | Reached skill level 3 in Throwing
  4461 | D:5      | Reached skill level 1 in Stealth
  4909 | D:5      | Reached skill level 8 in Axes
  5323 | D:6      | Found a burning altar of Makhleb.
  5329 | D:6      | Reached skill level 8 in Armour
  5424 | D:6      | Reached XP level 9. HP: 74/78 MP: 8/8
  5515 | D:6      | Noticed Prince Ribbit
  5527 | D:6      | Killed Prince Ribbit
  5528 | D:6      | Reached skill level 2 in Stealth
  5715 | D:6      | Reached skill level 7 in Fighting
  6027 | D:6      | Found an iron altar of Okawaru.
  6236 | D:6      | Reached skill level 9 in Axes
  6263 | D:6      | Became a worshipper of Warmaster Okawaru
  6603 | D:7      | Reached skill level 7 in Shields
  6616 | D:7      | Reached skill level 4 in Throwing
  6785 | D:7      | Reached skill level 9 in Armour
  7220 | D:7      | Found a bloodstained altar of Trog.
  7673 | D:8      | Noticed Joseph
  7675 | D:8      | Noticed Maggie
  7710 | D:8      | Killed Maggie
  7722 | D:8      | HP: 19/79 [Joseph/+0 quarterstaff (6)]
  7726 | D:8      | Killed Joseph
  7726 | D:8      | Reached * piety under Okawaru
  7727 | D:8      | Reached skill level 3 in Stealth
  7727 | D:8      | Reached XP level 10. HP: 15/86 MP: 9/9
  8139 | D:9      | Noticed a green ugly thing
  8156 | D:9      | Killed a green ugly thing
  8467 | D:9      | Reached skill level 10 in Axes
  8545 | D:9      | Noticed Grum
  8558 | D:9      | Reached ** piety under Okawaru
  8560 | D:9      | Killed Grum
  8561 | D:9      | Reached skill level 10 in Armour
  8565 | D:9      | Reached skill level 8 in Fighting
  8568 | D:9      | Reached skill level 5 in Throwing
  8628 | D:9      | Reached skill level 8 in Shields
  8630 | D:9      | Reached *** piety under Okawaru
  8767 | D:9      | You pick up a book of Vapours and begin reading...
  8767 | D:9      | You add the spells Poisonous Vapours, Mephitic Cloud and
                  | Freezing Cloud to your library.
  8780 | D:9      | Found a basalt altar of Yredelemnul.
  8845 | D:9      | Upgraded the game from 0.31-a0-618-g7ca08c1ff9 to
                  | 0.31-a0-640-g39d97e502b
  8845 | D:9      | magus.rc [v1.9.6]
  8914 | D:9      | Reached skill level 4 in Stealth
  9114 | D:9      | Reached skill level 11 in Axes
  9392 | D:10     | Entered Level 10 of the Dungeon
  9428 | D:10     | Reached **** piety under Okawaru
  9432 | D:10     | Reached XP level 11. HP: 61/95 MP: 10/10
  9453 | D:9      | HP: 23/95 [bullfrog (2)]
  9664 | D:9      | Reached skill level 11 in Armour
  9681 | D:10     | Noticed a two-headed ogre
  9877 | D:10     | HP: 17/95 [two-headed ogre/+0 giant spiked club (10)]
  9882 | D:10     | Slain by a two-headed ogre

Vanquished Creatures
  An ugly thing (D:9)
  Joseph (D:8)
  Maggie (D:8)
  A komodo dragon (D:10)
  6 unseen horror zombies (D:9)
  Prince Ribbit (D:6)
  A hornet (D:9)
  8 yaks
  Eustachio (D:4)
  A wyvern (D:4)
  Grum (D:9)
  A steam dragon (D:6)
  Menkaure (D:4)
  An acid dragon (D:9)
  3 water moccasins
  Duvessa (D:4)
  An ice beast (D:6)
  A black bear (D:6)
  An orc warrior (D:9)
  2 sky beasts
  An ogre (D:5)
  3 centaurs
  3 wolves (D:9)
  6 bullfrogs
  2 kobold brigands
  A scorpion (D:7)
  3 gnoll sergeants
  Dowan (D:4)
  3 killer bees (D:8)
  3 vampire bats (D:4)
  2 centaur zombies (D:9)
  7 hounds
  3 orc priests
  Crazy Yiuf (D:3)
  A jelly (D:5)
  Jessica (D:3)
  A gnoll bouda (D:9)
  4 sleepcaps
  Terence (D:3)
  Natasha (thrice) (D:2)
  2 iguanas
  5 orc wizards
  Robin (D:3)
  31 gnolls
  2 howler monkey zombies (D:9)
  9 adders
  A shadow imp (D:8)
  3 white imps
  An ufetubus (D:5)
  3 worms (D:2)
  5 dart slugs
  18 orcs
  6 ball pythons
  3 bat skeletons (D:4)
  2 bat zombies (D:4)
  9 endoplasms
  A giant cockroach (D:3)
  20 goblins
  13 hobgoblins
  13 kobolds
  4 quokkas
  4 bats
  7 frilled lizards
  7 rats
255 creatures vanquished.

Vanquished Creatures (others)
  An orc (D:4)
1 creature vanquished.

Grand Total: 256 creatures vanquished

Table legend:
 A = Non-vault XP
 B = Vault XP
 C = Vault XP percentage of total XP
 D = Non-vault monster count
 E = Vault monster count
 F = Vault count percentage of total count
                 A         B        C        D         E       F
            +---------+---------+-------+---------+---------+-------
      Total |    6791 |    6209 |  47.8 |     187 |      69 |  27.0
            +---------+---------+-------+---------+---------+-------
        D:1 |      30 |       0 |   0.0 |      18 |       0 |   0.0
        D:2 |     187 |      35 |  15.8 |      27 |       1 |   3.6
        D:3 |     178 |     154 |  46.4 |      29 |      16 |  35.6
        D:4 |     215 |    1095 |  83.6 |      12 |      28 |  70.0
        D:5 |     585 |       0 |   0.0 |      14 |       0 |   0.0
        D:6 |    1016 |     615 |  37.7 |      20 |       4 |  16.7
        D:7 |     559 |       0 |   0.0 |      16 |       0 |   0.0
        D:8 |     533 |     851 |  61.5 |      18 |       2 |  10.0
        D:9 |    2904 |    3371 |  53.7 |      27 |      17 |  38.6
       D:10 |     584 |      88 |  13.1 |       6 |       1 |  14.3
            +---------+---------+-------+---------+---------+-------

Skill      XL: |  1  2  3  4  5  6  7  8  9 10 11 |
---------------+----------------------------------+-----
Axes           | 3 4 5 6 8 9 11 | 11.4
Fighting       | 4 5 6 7 8 |  8.9
Armour         | 4 5 6 8 9 10 11 | 11.0
Shields        | 4 5 6 7 8 |  8.6
Throwing       | 1 2 3 4 5 |  5.8
Stealth        | 1 3 4 |  4.0

Action                     |  1- 3 |  4- 6 |  7- 9 | 10-12 || total
---------------------------+-------+-------+-------+-------++-------
  Melee: War axe           |    59 |   148 |   297 |   186 ||   690
         Headbutt          |     7 |    26 |    49 |    50 ||   132
    Use: Scroll            |       |       |    15 |       ||    15
         Potion            |       |       |     1 |       ||     1
 Armour: Scale mail        |     7 |       |       |       ||     7
         Chain mail        |    19 |    83 |   201 |   172 ||   475
  Dodge: Dodged            |    25 |    65 |   128 |   110 ||   328
  Block: Buckler           |    13 |    35 |    81 |    88 ||   217
         Kite shield       |       |       |       |    40 ||    40

Illustrated notes

Table legend:
 A = Kills in this place as a percentage of kills in the entire game.
 B = Kills by you in this place as a percentage of kills by you in the entire game.
 C = Kills by friends in this place as a percentage of kills by friends in the entire game.
 D = Other kills in this place as a percentage of other kills in the entire game.
 E = Experience gained in this place as a percentage of experience gained in the entire game.
 F = Experience gained in this place divided by the number of levels of this place that you have seen.
                   A       B       C       D       E      F
               +-------+-------+-------+-------+-------+----------------------
         Total | 100.0 | 100.0 |   N/A | 100.0 | 100.0 | 1181.8
       Dungeon | 100.0 | 100.0 |   N/A | 100.0 | 100.0 | 1300.0
               +-------+-------+-------+-------+-------+----------------------

Table legend: (Time is in decaauts)
 A = Elapsed time spent in this place.
 B = Non-inter-level travel time spent in this place.
 C = Inter-level travel time spent in this place.
 D = Time resting spent in this place.
 E = Time spent auto-exploring this place.
 F = Levels seen in this place.
 G = Mean time per level.
                   A        B        C        D        E       F      G
               +--------+--------+--------+--------+--------+-----+--------+
         Total |  10002 |   9656 |    346 |    381 |   7642 |  11 |  909.3 |
       Dungeon |   9930 |   9612 |    318 |    381 |   7642 |  10 |  993.0 |
        Temple |     71 |     43 |     28 |      0 |      0 |   1 |   71.0 |
               +--------+--------+--------+--------+--------+-----+--------+

Top non-repeatable levels by time:
     D:9: 1645 daAuts
     D:6: 1402 daAuts
     D:4: 1295 daAuts
     D:3: 1155 daAuts
     D:5: 1152 daAuts
     D:2: 1002 daAuts
     D:7: 927 daAuts
     D:8: 666 daAuts
     D:1: 604 daAuts
    D:10: 79 daAuts
  Temple: 71 daAuts
